 Dungeon Crawl Stone Soup version 0.14-a0-2848-g1d0399b (webtiles) character file.

196 Duskembrace the Vexing (level 4, -3/21 HPs)
             Began as a Spriggan Enchanter on Feb 27, 2014.
             Killed from afar by an orc wizard (7 damage)
             ... with a magic dart
             ... on Level 2 of the Dungeon.
             The game lasted 00:09:45 (2403 turns).

Duskembrace the Vexing (Spriggan Enchanter)         Turns: 2403, Time: 00:09:45

HP  -3/21        AC  3     Str  5      XL: 4   Next: 58%
MP   6/14        EV 18     Int 16      God:
Gold 88          SH  0     Dex 16      Spells:  3 memorised,  4 levels left

rFire  . . .     SeeInvis +     a - +1 dagger
rCold  . . .     Clarity  .     b - +1 robe
rNeg   . . .     Conserve .     (shield restricted)
rPois  .         rCorr    .     (helmet restricted)
rElec  .         rRot     .     (no cloak)
SustAb . .       Spirit   .     (gloves unavailable)
rMut   .         Warding  .     (boots unavailable)
Saprov . . .     Stasis   .     (no amulet)
MR     .....                    (no ring)
                                (no ring)

@: very slightly contaminated, slowed, quick, not resistant to hostile
enchantments, quite stealthy
A: unfitting armour, see invisible, herbivore 3, speed 3, slow metabolism 2
a: no special abilities


You were on level 2 of the Dungeon.
You were full.

You visited 1 branch of the dungeon, and saw 3 of its levels.

You collected 88 gold pieces.

Inventory:

Hand weapons
 a - a +1,+1 dagger (weapon)
Missiles
 d - 12 darts (quivered)
Armour
 b - a +1 robe (worn)
Scrolls
 g - 2 scrolls of curse weapon {unknown}
 h - a scroll of magic mapping {unknown}
 i - 5 scrolls of identify {unknown}
 j - a scroll of recharging {unknown}
 k - 2 scrolls of remove curse {unknown}
 l - 2 scrolls of enchant weapon II {unknown}
 o - a scroll of curse jewellery {unknown}
 q - a scroll of teleportation {unknown}
 s - a scroll of fog {unknown}
Jewellery
 m - an uncursed amulet of guardian spirit {unknown}
Potions
 e - a potion of porridge
 n - a potion of magic {unknown}
 p - 2 potions of curing {unknown}
 r - a potion of agility {unknown}
 t - a potion of resistance {unknown}
Books
 c - a book of Maledictions

   Spells                             Type                      Level
   *Corona                            Hexes                        1
   Sure Blade                         Hexes/Charms                 2
   *Ensorcelled Hibernation           Hexes/Ice                    2
   *Confuse                           Hexes                        3
   Enslavement                        Hexes                        4
   Invisibility                       Hexes                        6


   Skills:
 - Level 1.1 Short Blades
 - Level 1.1 Throwing
 - Level 3.1 Dodging
 + Level 5.0 Stealth
 + Level 3.6 Spellcasting
 + Level 5.0 Hexes
 - Level 0.1 Ice Magic


You had 4 spell levels left.
You knew the following spells:

 Your Spells              Type           Power        Failure   Level  Hunger
a - Corona                Hex            ###....      2%          1    None
b - Ensorcelled Hibernat  Hex/Ice        ##....       10%         2    ##.....
c - Confuse               Hex            ###.....     10%         3    ###....


Dungeon Overview and Level Annotations

Branches:
Dungeon (3/16)

Altars:


Innate Abilities, Weirdness & Mutations

You are tiny and cannot use many weapons and most armour.
You have supernaturally acute eyesight.
You are a herbivore.
You cover ground extremely quickly.
You need consume almost no food.


Message History

You see here a spear.
You hit the orc wizard.
The orc wizard is lightly wounded.
The orc wizard seems less confused.
The orc wizard points at you and mumbles some strange words.
The magic dart hits you! The orc wizard closely misses you.
The orc wizard hits you with a dagger. The orc wizard casts a spell at you.
The magic dart hits you!
There is a stone staircase leading up here.
The orc wizard barely misses you. The orc wizard casts a spell at you.
The magic dart hits you!
* * * LOW HITPOINT WARNING * * *
You climb upwards.
There is a stone staircase leading down, spattered with blood here.
The orc wizard completely misses you.
The orc wizard points at you and mumbles some strange words.
The magic dart hits you!
You die...

#####.# ...........#
....#.####################.#
.........................#.#
...##........###.#######.#.#
#..##......#.###.# #.#.#
#..##.......<....# #.#.#
#..##......#.###.#######.#.#
#..##.#.##.#.# #oo.......#.#
#..##.#.##.#.# #@#########.#
#####.#.##.#.# #.#.......#.#
..(.#......#.# #.#.#####.#.#
###.#...####.# #.#.# #.#.#
..)(.........# #.#.# #.#.#
############## #.#.# #.#.#
#.........# #.#.# #.#.#
#.#######.######.#.#####.#.######
....# #.##.............#.......


You could see 2 orc wizards.

Vanquished Creatures
  3 gnolls (D:3)
  4 adders
  A giant mite (D:3)
  3 giant geckos
  An orc (D:3)
  A ball python (D:2)
  A hobgoblin (D:1)
  5 kobolds
  7 bats
  A giant newt (D:2)
  7 goblins
  2 rats
36 creatures vanquished.

Notes
Turn   | Place    | Note
--------------------------------------------------------------
     0 | D:1      | Duskembrace, the Spriggan Enchanter, began the quest for the Orb.
     0 | D:1      | Reached XP level 1. HP: 9/9 MP: 4/4
   444 | D:1      | Reached skill level 4 in Hexes
   452 | D:1      | Reached XP level 2. HP: 10/13 MP: 5/7
   460 | D:1      | Learned a level 2 spell: Ensorcelled Hibernation
  1268 | D:2      | Reached XP level 3. HP: 16/16 MP: 7/10
  1436 | D:2      | Learned a level 3 spell: Confuse
  1892 | D:3      | Reached XP level 4. HP: 21/21 MP: 10/13
  2169 | D:3      | Reached skill level 5 in Hexes
  2380 | D:3      | Reached skill level 5 in Stealth
  2403 | D:2      | Killed from afar by an orc wizard

Action                   |  1- 3 |  4- 6 || total
-------------------------+-------+-------++-------
Melee: Dagger            |   109 |    12 ||   121
 Cast: Corona            |     5 |       ||     5
       Ensorcelled Hiber |    24 |     7 ||    31
       Confuse           |       |     4 ||     4
 Stab: Sleeping          |    15 |     4 ||    19
